 Dungeon Crawl Stone Soup version 0.24.0-41-g2ae2f7f1be (webtiles) character file.

Game seed: 17966627895285182105, levelgen mode: deterministic

8250 Devinter the Spear-Bearer (level 11, 0/86 HPs)
             Began as a Minotaur Hunter on Dec 11, 2019.
             Was a High Priest of Yredelemnul.
             Hit by a javelin thrown by a minotaur (23 damage)
             ... in a Gauntlet on Dec 12, 2019.
             The game lasted 01:20:02 (10114 turns).

Devinter the Spear-Bearer (Minotaur Hunter)        Turns: 10114, Time: 01:20:05

Health: 0/86       AC: 11    Str: 17    XL:     11   Next: 7%
Magic:  0/14       EV: 15    Int:  8    God:    Yredelemnul [*****.]
Gold:   96         SH:  0    Dex: 17    Spells: 8/10 levels left

rFire    . . .     SeeInvis .   a - +2 hand crossbow
rCold    + . .     Gourm    .   (no shield)
rNeg     + + .     Faith    .   J - +0 leather armour {rC+}
rPois    +         Spirit   +   T - +2 hat of the Bear Spirit {Spirit, +Rage rN+ MR++}
rElec    .         Reflect  .   K - +2 cloak
rCorr    .         Harm     .   Y - +0 pair of fencer's gloves {Riposte Dex+3}
MR       ++...     NoTele   +   c - +0 pair of boots
Stlth    ++........             D - amulet of regeneration
HPRegen  0.64/turn              A - ring of poison resistance
MPRegen  0.14/turn              V - ring of positive energy

@: no status effects
A: retaliatory headbutt, horns 2
a: Recall Undead Slaves, Injury Mirror, Animate Dead, Drain Life, Enslave Soul,
Renounce Religion, Evoke Berserk Rage


You were in a Gauntlet.
You worshipped Yredelemnul.
Yredelemnul was extremely pleased with you.
You were hungry.

You visited 1 branch of the dungeon, and saw 11 of its levels.
You also visited: Ossuary and Gauntlet.

You collected 614 gold pieces.
You spent 518 gold pieces at shops.

Inventory:

Hand Weapons
 a - a +2 hand crossbow (weapon)
 l - the +0 quarterstaff of a bazaar {vamp, rPois rF+++ MR- Int-4}
   (You bought it in a shop on level 10 of the Dungeon)

   It inflicts no extra harm, but heals its wielder when it wounds a living foe.
   It affects your intelligence (-4).
   It renders you almost immune to fire.
   It protects you from poison.
   It affects your resistance to hostile enchantments.
 Q - a +2 trident of venom
Missiles
 k - 12 atropa-tipped darts
 u - 7 curare-tipped darts
 w - 191 arrows
 y - 2 throwing nets
 H - 79 bolts (quivered)
Armour
 c - a +0 pair of boots (worn)
 J - a +0 leather armour of cold resistance (worn)
 K - a +2 cloak (worn)
 T - the +2 hat of the Bear Spirit (worn) {Spirit, +Rage rN+ MR++}
   (You found it on level 7 of the Dungeon)

   It protects you from negative energy.
   It affects your resistance to hostile enchantments.
   It lets you go berserk.
 Y - the +0 pair of fencer's gloves (worn) {Riposte Dex+3}
   (You found it in a Gauntlet)

   It affects your dexterity (+3).
Jewellery
 e - an uncursed ring of magical power
 z - a +2 ring of protection
 A - a ring of poison resistance (left hand)
 D - an amulet of regeneration (around neck)
 F - an uncursed amulet of the acrobat
 L - an uncursed ring of wizardry
 O - an uncursed ring of flight
 V - a ring of positive energy (right hand)
Wands
 b - a wand of paralysis (6)
 t - a wand of acid (6)
 v - a wand of polymorph (9)
 B - a wand of clouds (7)
 W - a wand of iceblast (7)
Scrolls
 g - 3 scrolls of magic mapping
 h - 5 scrolls of enchant weapon
 j - 5 scrolls of teleportation
 o - 5 scrolls of amnesia
 q - 5 scrolls of remove curse
 r - 2 scrolls of fear
 E - a scroll of fog {unknown}
 I - 2 scrolls of blinking
 N - a scroll of noise {unknown}
 U - 2 scrolls of brand weapon {unknown}
Potions
 d - a potion of mutation {unknown}
 i - a potion of magic {unknown}
 m - 3 potions of brilliance {unknown}
 n - 5 potions of agility
 p - a potion of heal wounds {unknown}
 s - 4 potions of curing
 x - a potion of berserk rage {unknown}
 C - a potion of lignification
 G - a potion of invisibility
 M - 3 potions of haste
 P - a potion of might
 R - a potion of flight
 S - 2 potions of resistance
 X - a potion of ambrosia
 Z - a potion of cancellation
Comestibles
 f - 23 rations


   Skills:
 - Level 5.0 Fighting
 + Level 11.0 Polearms
 + Level 10.7 Crossbows
 - Level 5.0 Armour
 + Level 5.1 Dodging
 - Level 1.0 Stealth
 + Level 6.5 Invocations
 + Level 4.8 Evocations


You had 8 spell levels left.
You knew the following spells:

 Your Spells              Type           Power        Failure   Level  Hunger
a - Sublimation of Blood  Necr           #.........   61%         2    ###....

Your spell library contained the following spells:

 Spells                   Type           Power        Failure   Level  Hunger
 Animate Skeleton         Necr           N/A          45%         1    ##.....
 Sandblast                Erth           #.....       45%         1    ##.....
 Passwall                 Tmut/Erth      #.......     61%         2    ###....
 Conjure Flame            Conj/Fire      #.......     83%         3    ####...
 Stone Arrow              Conj/Erth      #.....       83%         3    ####...
 Iskenderun's Mystic Bla  Conj           #.......     99%         4    #####..
 Petrify                  Tmut/Erth      #.......     99%         4    #####..
 Lee's Rapid Deconstruct  Erth           #.........   100%        5    ######.
 Lightning Bolt           Conj/Air       #.........   100%        5    ######.


Dungeon Overview and Level Annotations

Branches:
Dungeon (11/15)            Temple (0/1) D:4         Ossuary (visited)
Gauntlet (1/1)
   Lair: D:8-11         Orc: D:9-12

Altars:
Elyvilon
Fedhas
Nemelex Xobeh
Okawaru
Qazlal
Yredelemnul
The Shining One

Shops:
D:5 ?   D:10 *

Annotations:
Gauntlet 8 transporters


Innate Abilities, Weirdness & Mutations

You reflexively headbutt those who attack you in melee.
You have a pair of horns on your head.


Message History

Okay, then.
Evoke which item? (* to show all) (? for menu, Esc to quit)
Aiming: Corrosive Bolt
Press: ? - help, Shift-Dir - straight line, f/p - minotaur
Aim: a minotaur, wielding a staff of death, wearing a +0 plate armour and wearing an uncursed amulet of the gourmand (lightly wounded, possessable)
The bolt of acid hits the minotaur.
The minotaur is splashed with acid.
The minotaur is lightly wounded.
The minotaur throws a javelin.
The javelin pierces through you!!
* * * LOW HITPOINT WARNING * * *
Evoke which item? (* to show all) (? for menu, Esc to quit)
Aiming: Corrosive Bolt
Press: ? - help, Shift-Dir - straight line, f/p - minotaur
Aim: a minotaur, wielding a staff of death, wearing a +0 plate armour and wearing an uncursed amulet of the gourmand (lightly wounded, possessable)
The bolt of acid hits the minotaur!
The minotaur is splashed with acid.
The acid corrodes the minotaur!
The minotaur is moderately wounded.
The minotaur throws a javelin.
The javelin pierces through you!!
* * * LOW MAGIC WARNING * * *
You die...
Your body rises from the dead as a mindless zombie.

##### ≈≈≈ ≈∩≈ (.. ##H##
... #######'#######
#......@......#
#.###.###.###.#
#.###.###.###.#
#.............#
###.###.###.###
###.###.###.###
#.............#
##...©.©.©...#
############..8.8.8..##
#########


You could see a minotaur.

Vanquished Creatures
  A two-headed ogre (D:10)
  A glowing orange brain (Gauntlet)
  2 ugly things (Gauntlet)
  A moth of wrath (Gauntlet)
  A hippogriff (D:7)
  4 redbacks (Gauntlet)
  Sigmund (D:2)
  3 ice beasts
  2 phantoms
  4 ogres
  A centaur (D:5)
  2 big kobolds
  A gnoll sergeant (D:7)
  6 bullfrogs
  2 scorpions
  8 killer bees
  A howler monkey (D:3)
  4 crimson imps
  A quasit (D:7)
  3 hounds
  A jelly (D:7)
  9 orc wizards
  Crazy Yiuf (D:3)
  5 orc priests
  A human zombie (Ossuary)
  An iguana (D:4)
  Natasha (twice) (D:3)
  4 worker ants
  3 hound zombies
  3 mummies (Ossuary)
  2 worker ant zombies (D:7)
  7 adders
  8 gnolls
  3 shadow imps
  3 oozes
  An adder zombie (Ossuary)
  2 worms
  2 dart slugs
  13 leopard geckos
  17 orcs
  3 ball pythons
  5 bats
  8 giant cockroaches
  6 goblins
  11 hobgoblins
  12 jackals
  6 quokkas
  7 frilled lizards
  A giant cockroach zombie (D:5)
  3 goblin zombies (Ossuary)
  2 hobgoblin zombies (Ossuary)
  11 kobolds
  3 kobold zombies
  A quokka skeleton (D:4)
  3 quokka zombies (Ossuary)
  14 rats
  6 rat zombies (Ossuary)
  A bush (D:5)
240 creatures vanquished.

Vanquished Creatures (collateral kills)
  Erica (D:10)
  Psyche (D:10)
  A queen bee (D:10)
  A troll (D:10)
  A wraith (D:10)
  A hungry ghost (D:10)
  An orc warrior (D:7)
  A black bear (D:6)
  4 centaurs
  A bullfrog (D:6)
  10 killer bees (D:10)
  2 orc priests
  An orc wizard (D:7)
  A worker ant (D:7)
  A killer bee zombie (D:10)
  A hound zombie (D:6)
  7 gnolls (D:7)
  An adder (D:6)
  4 orcs
  6 jackals
  A quokka (D:8)
  A ball python (D:7)
  A goblin skeleton (D:8)
  4 hobgoblin zombies (D:8)
  4 kobolds
  2 kobold skeletons (D:8)
  A kobold zombie (D:8)
  An orc zombie (D:8)
62 creatures vanquished.

Vanquished Creatures (others)
  6 fungi (Gauntlet)
  8 plants (Gauntlet)
14 creatures vanquished.

Grand Total: 316 creatures vanquished

Notes
Turn   | Place    | Note
-------+----------+-------------------------------------------
     0 | D:1      | Devinter the Minotaur Hunter began the quest for the Orb.
     0 | D:1      | Reached XP level 1. HP: 18/18 MP: 0/0
   220 | D:1      | Reached skill level 1 in Stealth
   231 | D:1      | Reached XP level 2. HP: 25/25 MP: 1/1
   675 | D:1      | Reached skill level 5 in Crossbows
   675 | D:1      | Reached XP level 3. HP: 30/30 MP: 2/2
   742 | D:2      | Found a faded altar of an unknown god.
   749 | D:2      | Reached skill level 3 in Fighting
   979 | D:2      | Became a worshipper of Yredelemnul the Dark
   979 | D:2      | Reached * piety under Yredelemnul
  1114 | D:2      | Reached skill level 3 in Dodging
  1157 | D:2      | Reached XP level 4. HP: 38/38 MP: 3/3
  1475 | D:2      | Reached ** piety under Yredelemnul
  1502 | D:2      | Noticed Sigmund
  1558 | D:2      | Reached skill level 1 in Armour
  1891 | D:3      | Reached skill level 6 in Crossbows
  1891 | D:3      | Reached XP level 5. HP: 45/45 MP: 4/4
  1926 | D:3      | Reached skill level 2 in Armour
  1940 | D:3      | Found a runed translucent door.
  1941 | D:3      | Noticed Crazy Yiuf
  1951 | D:3      | Killed Crazy Yiuf
  1986 | D:3      | Noticed Natasha
  2579 | D:3      | Reached XP level 6. HP: 52/52 MP: 5/5
  2600 | D:3      | Reached skill level 4 in Fighting
  2875 | D:3      | Reached skill level 1 in Polearms
  2875 | D:3      | Reached skill level 7 in Crossbows
  2875 | D:3      | Reached skill level 3 in Armour
  2937 | D:3      | Reached *** piety under Yredelemnul
  3034 | D:3      | Killed Natasha
  3034 | D:3      | Reached skill level 2 in Polearms
  3133 | D:3      | Found a sparkling altar of Nemelex Xobeh.
  3299 | D:3      | Noticed Natasha
  3303 | D:3      | Killed Natasha
  3303 | D:3      | Reached XP level 7. HP: 60/60 MP: 6/6
  3344 | D:2      | Killed Sigmund
  3344 | D:2      | Reached skill level 3 in Polearms
  3738 | D:4      | Reached skill level 5 in Fighting
  3740 | D:4      | Reached skill level 4 in Polearms
  3845 | D:4      | Found a staircase to the Ecumenical Temple.
  3991 | D:4      | HP: 6/61 [ogre/+0 giant club (19)]
  3992 | D:4      | Reached skill level 8 in Crossbows
  4342 | D:4      | Reached skill level 1 in Invocations
  4342 | D:4      | Reached XP level 8. HP: 53/68 MP: 7/7
  4401 | D:4      | Reached skill level 5 in Polearms
  4414 | D:4      | Found an iron altar of Okawaru.
  4915 | D:5      | Entered Level 5 of the Dungeon
  4919 | D:5      | Found Gaim's Magic Scroll Emporium.
  5026 | D:5      | Reached skill level 2 in Invocations
  5161 | D:5      | Reached skill level 6 in Polearms
  5170 | D:5      | Reached skill level 9 in Crossbows
  5372 | D:5      | Bought a scroll of identify for 22 gold pieces
  5372 | D:5      | Bought a scroll of enchant weapon for 82 gold pieces
  5372 | D:5      | Bought a scroll of identify for 22 gold pieces
  5372 | D:5      | Bought a scroll of amnesia for 38 gold pieces
  5372 | D:5      | Bought a scroll of fear for 38 gold pieces
  5650 | D:6      | Received a gift from Yredelemnul (4 flying skulls)
  5716 | D:6      | Reached skill level 7 in Polearms
  5716 | D:6      | Reached skill level 3 in Invocations
  5790 | D:6      | Found a stormy altar of Qazlal.
  5793 | D:6      | Noticed an air elemental
  5926 | D:6      | Reached XP level 9. HP: 74/74 MP: 10/10
  6023 | D:7      | Found a sand-covered staircase.
  6042 | Ossuary  | Entered an ossuary
  6061 | Ossuary  | Received a gift from Yredelemnul (a mummy)
  6305 | Ossuary  | Reached **** piety under Yredelemnul
  6554 | D:7      | Received a gift from Yredelemnul (a wight)
  6841 | D:7      | Found the +2 hat of the Bear Spirit {Spirit, +Rage rN+
                  | MR++}
  6860 | D:7      | Reached skill level 10 in Crossbows
  6900 | D:7      | Reached skill level 8 in Polearms
  7099 | D:7      | Reached skill level 1 in Evocations
  7136 | D:7      | Reached skill level 4 in Invocations
  7527 | D:7      | Reached skill level 9 in Polearms
  7527 | D:7      | Reached skill level 2 in Evocations
  7947 | D:8      | Received a gift from Yredelemnul (a wight)
  8021 | D:8      | Found a glowing golden altar of the Shining One.
  9044 | D:9      | Reached skill level 5 in Invocations
  9143 | D:10     | Entered Level 10 of the Dungeon
  9150 | D:10     | Received a gift from Yredelemnul (a wraith)
  9150 | D:10     | Reached ***** piety under Yredelemnul
  9152 | D:10     | Reached skill level 3 in Evocations
  9175 | D:10     | Noticed Psyche
  9181 | D:10     | Killed Psyche
  9181 | D:10     | Reached skill level 10 in Polearms
  9181 | D:10     | Reached XP level 10. HP: 67/81 MP: 10/12
  9262 | D:10     | Found Lygotz's Assorted Antiques.
  9277 | D:10     | Bought an ichor-stained quarterstaff for 288 gold pieces
  9277 | D:10     | Bought a cyan potion for 28 gold pieces
  9277 | D:10     | Identified the +0 quarterstaff of a bazaar {vamp, rPois
                  | rF+++ MR- Int-4} (You bought it in a shop on level 10 of
                  | the Dungeon)
  9305 | D:10     | Found a white marble altar of Elyvilon.
  9322 | D:10     | Found a blossoming altar of Fedhas.
  9343 | D:10     | Noticed a two-headed ogre
  9353 | D:10     | Killed a two-headed ogre
  9354 | D:10     | Received a gift from Yredelemnul (a wight)
  9371 | D:10     | Noticed Erica
  9379 | D:10     | Killed Erica
  9382 | D:10     | Reached skill level 4 in Armour
  9430 | D:10     | Reached skill level 4 in Dodging
  9430 | D:10     | Reached skill level 4 in Evocations
  9645 | D:11     | Found a gate leading to a gauntlet.
  9654 | Gauntlet | Entered a Gauntlet
  9654 | Gauntlet | Found a transporter.
  9658 | Gauntlet | Found a transporter.
  9674 | Gauntlet | Found a transporter.
  9678 | Gauntlet | Found a transporter.
  9686 | Gauntlet | Noticed a dire elephant
  9686 | Gauntlet | Noticed an elephant
  9687 | Gauntlet | Found a transporter.
  9694 | Gauntlet | Noticed an elephant
  9707 | Gauntlet | Found a transporter.
  9707 | Gauntlet | Noticed a cyan ugly thing
  9709 | Gauntlet | Noticed a white ugly thing
  9709 | Gauntlet | Noticed a glowing orange brain
  9710 | Gauntlet | Found a transporter.
  9716 | Gauntlet | Found a transporter.
  9717 | Gauntlet | Found the +0 pair of fencer's gloves {Riposte Dex+3}
  9717 | Gauntlet | Noticed a moth of wrath
  9744 | Gauntlet | Found a transporter.
  9748 | Gauntlet | Found a transporter.
  9749 | Gauntlet | Noticed a thrashing horror
  9750 | Gauntlet | Found a transporter.
  9753 | Gauntlet | Noticed a purple ugly thing
  9757 | Gauntlet | Noticed a glowing orange brain
  9759 | Gauntlet | Found a transporter.
  9851 | Gauntlet | Reached skill level 6 in Invocations
  9856 | Gauntlet | Killed a moth of wrath
  9861 | Gauntlet | Reached skill level 5 in Armour
  9913 | Gauntlet | Identified Tubaeled's Grimoire of Arcane Weapons and
                  | Darkness
  9918 | Gauntlet | Learned a level 2 spell: Sublimation of Blood
  9946 | Gauntlet | Killed a white ugly thing
  9953 | Gauntlet | Killed a cyan ugly thing
  9953 | Gauntlet | Reached skill level 11 in Polearms
  9953 | Gauntlet | Reached skill level 5 in Dodging
  9953 | Gauntlet | Reached XP level 11. HP: 26/86 MP: 3/14
  9965 | Gauntlet | Killed a glowing orange brain
 10104 | Gauntlet | Noticed a minotaur
 10114 | Gauntlet | Hit by a javelin thrown by a minotaur

Levels and vault maps discovered:
D:1:      dpeg_arrival_castle, layout_basic
D:2:      layout_rooms, chequers_ecumenical_altar_simple, uniq_sigmund
D:3:      layout_basic, nemelex_diamond_rough_becter, uniq_crazy_yiuf_cottage,
          uniq_natasha
D:4:      layout_loops_ring, okawaru_altar_gauntlet_db,
          minmay_temple_entry_slanted, serial_co_window_serial,
          co_window_paths_b, co_window_corner_a, co_window_corner_a,
          co_window_of_opportunity_a, co_window_paths_b, co_window_paths_a,
          co_window_paths_b, co_window_2corner, co_window_of_opportunity_b,
          co_window_corner_b, co_window_paths_d, glass_columns_a,
          glass_columns_b, glass_columns_a, minmay_vboxes
D:5:      layout_basic, first_ration, serial_shops, shop_scrolls,
          kb_lookout_dungeons_type
D:6:      layout_rooms, nicolae_qazlal_style_of_elements
D:7:      layout_basic, nicolae_ossuary_entry_ruins
D:8:      layout_gridville, nicolae_tso_besieged_by_evil
D:9:      layout_basic
D:10:     layout_rooms, basic_altar, serial_shops,
          nicolae_shop_overgrown_old_shop, david_nohive_1, fedhas_altar_1,
          uniq_psyche, uniq_erica
D:11:     layout_gridville, minmay_lair_entry_grove, gauntlet_entry_generic,
          serial_shops, freezing_bzr, ebering_ghost_xom,
          minmay_increasing_density, uniq_sonja
Gauntlet: minmay_gauntlet_mixed_oops_all_seconds
          [minmay_gauntlet_arena_77_two_lines,
          gammafunk_gauntlet_arena_split_diamond,
          minmay_gauntlet_arena_77_hold_the_fort,
          gammafunk_gauntlet_arena_hedges,
          minmay_gauntlet_arena_77_chump_sandwich,
          gammafunk_gauntlet_arena_split_x, gauntlet_exit_watery]

Skill      XL: |  1  2  3  4  5  6  7  8  9 10 |
---------------+-------------------------------+-----
Stealth        | 1 |  1.0
Crossbows      | 5 6 7 8 9 10 | 10.7
Fighting       | 3 4 5 |  5.0
Dodging        | 3 5 |  5.1
Armour         | 1 2 3 5 |  5.0
Polearms       | 2 4 7 10 11 | 11.0
Invocations    | 1 3 5 6 |  6.5
Evocations     | 3 4 |  4.8

Action                   |  1- 3 |  4- 6 |  7- 9 | 10-12 || total
-------------------------+-------+-------+-------+-------++-------
Melee: Short sword       |    37 |    35 |       |       ||    72
       Headbutt          |     4 |    30 |    90 |    13 ||   137
       Long sword        |       |    92 |       |       ||    92
       Halberd           |       |    39 |   228 |       ||   267
       Trident           |       |       |   203 |    74 ||   277
 Fire: Hand crossbow     |    61 |    13 |    28 |    13 ||   115
Throw: Dart              |       |     7 |       |       ||     7
Invok: Recall Undead Sla |       |       |     4 |     1 ||     5
       Enslave Soul      |       |       |       |     2 ||     2
       Injury Mirror     |       |       |       |     1 ||     1
 Abil: Evoke Berserk Rag |       |       |       |     2 ||     2
Evoke: Wand              |       |       |       |     2 ||     2
  Use: Scroll            |       |     1 |    16 |     2 ||    19
       Potion            |       |       |       |     1 ||     1
 Stab: Sleeping          |     2 |       |     1 |     1 ||     4
       Distracted        |       |       |     2 |       ||     2
  Eat: Chunk             |     1 |     7 |    19 |     3 ||    30
       Ration            |       |       |       |     1 ||     1
Armor: Leather armour    |    12 |    18 |    71 |    12 ||   113
       Chain mail        |       |    47 |       |       ||    47
       Scale mail        |       |    15 |    57 |       ||    72
Dodge: Dodged            |    34 |   111 |   219 |    40 ||   404
       Rpst.: Long sword |       |    16 |       |       ||    16
